 Dungeon Crawl Stone Soup version 0.26.0-20-g3ca415f5b8 (webtiles) character file.

Game seed: 1604814345242331357

113 thiole the Sneak (level 4, -1/27 HPs)
             Began as an Octopode Hedge Wizard on Jan 26, 2021.
             Slain by a rat (2 damage)
             ... on level 2 of the Dungeon.
             The game lasted 00:03:50 (2469 turns).

thiole the Sneak (Octopode Hedge Wizard)            Turns: 2469, Time: 00:03:51

Health: -1/27      AC:  1    Str:  9    XL:     4   Next: 96%
Magic:  0/9        EV: 13    Int: 17    God:
Gold:   30         SH:  0    Dex: 11    Spells: 2/10 levels left

rFire    + . .     SeeInvis .   f - +2 short sword (speed)
rCold    + . .     Faith    .   (no shield)
rNeg     . . .     Spirit   .   b - +0 hat
rPois    +         Reflect  .   (no amulet)
rElec    +         Harm     .   (no ring)
rCorr    +         Rampage  .   (no ring)
Will     .....                  (no ring)
Stlth    +++.......             (no ring)
HPRegen  0.09/turn              (no ring)
MPRegen  0.11/turn              (no ring)
                                (no ring)
                                (no ring)

@: resistant
A: almost no armour, stealthy swim, amphibious, 8 rings, constrict 8, camouflage
1, gelatinous body 1
a: no special abilities


You were on level 2 of the Dungeon.
You visited 1 branch of the dungeon, and saw 2 of its levels.

You collected 30 gold pieces.

Inventory:

Hand Weapons
 a - a +0 dagger
 f - a +2 short sword of speed (weapon)
Armour
 b - a +0 hat (worn)
Scrolls
 d - a scroll of remove curse {unknown}
 e - a scroll of teleportation {unknown}
 g - a scroll of blinking {unknown}


   Skills:
 + Level 0.3 Fighting
 - Level 2.0 Dodging
 + Level 4.3 Stealth
 + Level 3.7 Spellcasting
 - Level 2.0 Conjurations
 - Level 2.0 Summonings
 - Level 1.0 Translocations
 + Level 0.3 Air Magic
 + Level 0.6 Poison Magic


You had 2 spell levels left.
You knew the following spells:

 Your Spells              Type           Power        Failure   Level
a - Magic Dart            Conj           36%          7%          1
b - Call Imp              Summ           9%           11%         2
c - Blink                 Tloc           N/A          16%         2
d - Mephitic Cloud        Conj/Pois/Air  6%           32%         3

Your spell library contained the following spells:

 Spells                   Type           Power        Failure   Level
 Slow                     Hex            3%           24%         2
 Conjure Flame            Conj/Fire      6%           32%         3


Dungeon Overview and Level Annotations

Branches:
Dungeon (2/15)

Altars:
Wu Jian


Innate Abilities, Weirdness & Mutations

You cannot wear most types of armour.
You are very stealthy in the water. (Stealth+)
You are amphibious.
You can wear up to eight rings at the same time.
You can use your tentacles to constrict eight enemies at once.
Your skin changes colour to match your surroundings (Stealth+).
Your rubbery body absorbs attacks. (AC +1, EV +1)


Message History

You don't have enough magic to cast that spell.
You don't have enough magic to cast that spell.
Your magical contamination has completely faded away.
Unknown command.
You don't have enough magic to cast that spell.
Unknown command.
* * * LOW HITPOINT WARNING * * *
You feel sick.
You are no longer poisoned.
Unknown command.
There is an open door here.
Aiming: Magic Dart (safe; 7% risk of failure)
Press: ? - help, Q - select action, (/) - cycle Shift-Dir - straight line, f - rat
Aim: a rat (0% to evade)
The magic dart hits the rat.
The rat is severely wounded.
You closely miss the rat. Your grab misses the rat.
The rat is severely wounded.
The rat bites you.
You die...

..## ....... ... .....
... ....# .... ...#
..... ...##+##
.....##########......#
....>.........r......#
.........######@.....#
.........######......#
.()....r.#...........#
.........#...........#
.....†...#...........#
.....!...######......#
.........#
#......###########
........)#
#..............##.
.........#
#.........##'####.


You could see a rat.

Vanquished Creatures
  4 adders (D:2)
  2 oozes (D:1)
  A worm (D:2)
  6 dart slugs
  4 leopard geckos
  5 giant cockroaches
  4 goblins
  6 hobgoblins
  2 jackals (D:2)
  6 bats
  3 frilled lizards (D:1)
  4 kobolds (D:1)
  3 rats
50 creatures vanquished.

Notes
Turn   | Place    | Note
-------+----------+-------------------------------------------
     0 | D:1      | thiole the Octopode Hedge Wizard began the quest for the
                  | Orb.
     0 | D:1      | Reached XP level 1. HP: 11/11 MP: 4/4
   495 | D:1      | Reached skill level 3 in Stealth
   495 | D:1      | Reached XP level 2. HP: 17/17 MP: 0/6
   784 | D:1      | Reached XP level 3. HP: 21/21 MP: 1/7
  1844 | D:2      | Reached XP level 4. HP: 10/27 MP: 5/9
  2112 | D:2      | Learned a level 2 spell: Call Imp
  2115 | D:2      | Learned a level 2 spell: Blink
  2119 | D:2      | Learned a level 3 spell: Mephitic Cloud
  2126 | D:2      | Reached skill level 4 in Stealth
  2266 | D:2      | Found an ornate altar of the Wu Jian Council.
  2454 | D:2      | HP: 1/27 [poisoned by an adder]
  2469 | D:2      | Slain by a rat

Illustrated notes

Levels and vault maps discovered:
D:1:      minmay_arrival_doors, layout_loops_ring
D:2:      layout_basic, grunt_temple_overflow_order_and_chaos_1,
          general_overflow_altar, fedhas_altar_4,
          chequers_temple_overflow_statue_of_worship, minmay_bisected

Skill      XL: |  1  2  3  4 |
---------------+-------------+-----
Stealth        | 3 4 |  4.3
Summonings     | 2 |  2.0
Conjurations   | 2 |  2.0
Fighting       | |  0.3
Dodging        | |  2.0
Spellcasting   | |  3.7
Translocations | |  1.0
Air Magic      | |  0.3
Poison Magic   | |  0.6

Action                   |  1- 3 |  4- 6 || total
-------------------------+-------+-------++-------
Melee: Dagger            |    32 |       ||    32
       Constrict         |    11 |     9 ||    20
       Tentacles         |     7 |     5 ||    12
       Short sword       |     5 |    30 ||    35
 Cast: Magic Dart        |    75 |    44 ||   119
  Use: Potion            |       |     1 ||     1
Armor: Skin              |     7 |       ||     7
Dodge: Dodged            |    32 |     7 ||    39
